 Dungeon Sprint DCSS version 0.30-a0-305-g026cb31310 (webtiles) character file.

Game seed: 7157947432728463701

13517 rocky1 the Impaler (level 11, -4/93 HPs)
             Began as a Demonspawn Gladiator on Oct 22, 2022.
             Was a High Priest of Okawaru.
             Slain by a spriggan air mage (5 damage)
             ... in the Dungeon (Sprint VII: "The Pits").
             The game lasted 00:14:15 (3018 turns).

rocky1 the Impaler (Demonspawn Gladiator)           Turns: 3018, Time: 00:14:16

Health: -4/93      AC: 20    Str: 17    XL:     11   Next: 76%
Magic:  13/18      EV: 24    Int: 11    God:    Okawaru [*****.]
Gold:   32         SH:  0    Dex: 20    Spells: 20/20 levels left

rFire   + . .      SeeInvis +    k - +2 glaive (freeze)
rCold   + . .      Faith    .    (shield currently unavailable)
rNeg    . . .      Spirit   .    t - +5 ring mail
rPois   +          Reflect  .    c - +0 helmet
rElec   +          Harm     .    (cloak unavailable)
rCorr   +          Rampage  .    (no gloves)
Will    .....      NoTele   +    a - +1 pair of boots "Yqokaj" {rCorr Dex+5}
Stlth   +++.......               (no amulet)
HPRegen 0.35/turn                H - ring of see invisible
MPRegen 0.16/turn                q - +3 ring of evasion

@: mighty, resistant, heroic, finesse-ful, studying Maces & Flails
A: molten scales 2, powered by death 1, spiny 2, weakness stinger 3
a: Renounce Religion, Heroism, Finesse


You were in the Dungeon.
You worshipped Okawaru.
Okawaru was extremely pleased with you.
You visited 1 branch You collected 32 gold pieces.

Inventory:

Hand Weapons
 b - a +2 scimitar of flaming
 k - a +2 glaive of freezing (weapon)
Missiles
 d - 2 throwing nets
 e - a javelin
 n - 4 boomerangs
 o - a curare-tipped dart (quivered)
Armour
 a - the +1 pair of boots "Yqokaj" (worn) {rCorr Dex+5}
   (Okawaru gifted it to you in the Dungeon)

   Dex:       It affects your dexterity (+5).
   rCorr:     It protects you from acid and corrosion.
 c - a +0 helmet (worn)
 t - a +5 ring mail (worn)
Jewellery
 p - a +3 ring of intelligence
 q - a +3 ring of evasion (right hand)
 G - a ring of willpower
 H - a ring of see invisible (left hand)
Wands
 j - a wand of flame (13)
Scrolls
 m - 5 scrolls of amnesia
 x - 3 scrolls of identify
 y - 2 scrolls of blinking
 z - 3 scrolls of fog
 B - 2 scrolls of enchant armour
 D - a scroll of fear
Potions
 f - 8 potions of curing
 g - 9 potions of heal wounds
 h - a potion of haste
 i - 4 potions of magic
 l - a potion of invisibility
 r - 3 potions of brilliance
 s - a potion of mutation
 A - a potion of berserk rage
 C - 3 potions of might
 F - a potion of flight
 I - a potion of attraction


   Skills:
 - Level 11.0(16.0) Fighting
 + Level 18.3(23.3) Polearms
 - Level 10.0(15.0) Throwing
 - Level 9.8(14.8) Armour
 - Level 10.3(15.3) Dodging
 - Level 5.3 Spellcasting
 - Level 7.7 Invocations


You had 20 spell levels left.
You didn't know any spells.
Your spell library contained the following spells:

 Spells                   Type           Power      Damage    Failure   Level
 Hailstorm                Conj/Ice       2%         3d3       67%         3
 Fulminant Prism          Conj/Hex       1%         3d6       97%         4
 Iskenderun's Mystic Bla  Conj/Tloc      2%         2d3       97%         4
 Borgnjor's Vile Clutch   Necr/Erth      1%         N/A       100%        5
 Animate Armour           Summ/Erth      Unusable   N/A       N/A         4

Dungeon Overview and Level Annotations

Branches:
Dungeon (1/1)

Altars:
Ashenzari
Cheibriados
Dithmenos
Fedhas
Gozag
Hepliaklqana
Kikubaaqudgha
Makhleb
Nemelex Xobeh
Okawaru
Qazlal
Ru
Sif Muna
Trog
Uskayaw
Vehumet
Wu Jian
Xom
Yredelemnul
Jiyva
Lugonu


Innate Abilities, Weirdness & Mutations

You are mostly covered in molten scales. (AC +3)
You regenerate a little health from kills.
You are mostly covered in sharp spines.
You have a sharp stinger which inflicts weakening toxins.


Message History

The vampire knight completely misses you.
The spriggan air mage hits you but does no damage.
Unknown command.
You closely miss the spriggan air mage. You tail-slap the spriggan air mage.
The spriggan air mage looks weaker.
The spriggan air mage is severely wounded.
Unknown command.
You miss the spriggan air mage.
The spriggan air mage is severely wounded.
The vampire knight is struck by your spines.
The vampire knight closely misses you.
The vampire knight bites you but does no damage.
The wind drake flaps its wings at you. The air twists around and strikes you!
* * * LOW HITPOINT WARNING * * *
You feel much better.
The vampire knight is struck by your spines.
The vampire knight hits you with a +3 halberd!!
* * * LOW HITPOINT WARNING * * *
The vampire knight bites you but does no damage.
The spriggan air mage misses you.
The purple draconian hits you but does no damage.
You feel much better.
The vampire knight hits you with a +3 halberd!!
* * * LOW HITPOINT WARNING * * *
The vampire knight barely misses you.
The spriggan air mage completely misses you.
The vampire knight barely misses you. The vampire knight bites you!
* * * LOW HITPOINT WARNING * * *
The vampire knight draws strength from your injuries!
You feel much better.
The purple draconian is no longer moving slowly.
The vampire knight hits you with a +3 halberd!!
* * * LOW HITPOINT WARNING * * *
The vampire knight bites you.
* * * LOW HITPOINT WARNING * * *
The vampire knight draws strength from your injuries!
The spriggan air mage is struck by your spines.
The spriggan air mage hits you.
You die...

+..........#
#..........#
#..#....#..#
+..........#
+..........#
#..#....#..#
#..V.......+
#..@.......+
###id####''#
###ck####''#########
#..2V..##...........
#.#'##.##..[[.......
#.#}: .##..#########
# ')"# ##..# #).'
#..# #++##########
+:.#. #..#


You could see a purple draconian (catching breath), a hell beast, a vampire
knight (fast), a wind drake (repels missiles), a spriggan air mage (repels
missiles, weak), a yaktaur and a vampire (invisible).

Vanquished Creatures
  A rakshasa (D)
  2 deep trolls (D)
  A lindwurm (D)
  A wolf spider (D)
  An orc sorcerer (D)
  5 elephants (D)
  Maurice (D)
  A naga mage (D)
  A cane toad (D)
  2 molten gargoyles (D)
  An orange demon (D)
  A kobold demonologist (D)
  A demonic crawler (D)
  2 freezing wraiths (D)
  A hellwing (D)
  2 ice devils (D)
  A guardian mummy (D)
  A wind drake (D)
  A tyrant leech (D)
  5 blink frogs (D)
  A jumping spider (D)
  2 shadows (D)
  A steam dragon (D)
  3 yaks (D)
  A fire elemental (D)
  A redback (D)
  Edmund (D)
  2 wargs (D)
  3 nagas (D)
  A water moccasin (D)
  A floating eye (D)
  A black bear (D)
  A sky beast (D)
  8 wolves (D)
  A centaur (D)
  A kobold brigand (D)
  An earth elemental (D)
  5 wights (D)
  A jelly (D)
  2 orc priests (D)
  2 gnoll boudas (D)
  An iron imp (D)
  An adder (D)
  9 gnolls (D)
  3 ufetubi (D)
  An adder zombie (D)
  An adder skeleton (D)
  2 orcs (D)
  3 ball pythons (D)
  2 bat skeletons (D)
  A bat zombie (D)
  An endoplasm (D)
  A goblin (D)
  2 jackals (D)
  A kobold (D)
  A ball python zombie (D)
  A quokka zombie (D)
  2 rats (D)
105 creatures vanquished.

Notes
Turn   | Place    | Note
-------+----------+-------------------------------------------
     0 | D        | rocky1 the Demonspawn Gladiator began the quest for the
                  | Orb.
     0 | D        | Reached XP level 1. HP: 16/16 MP: 1/1
    37 | D        | Found a bloodstained altar of Trog.
    37 | D        | Found a shimmering blue altar of Sif Muna.
    37 | D        | Found a viscous altar of Jiyva.
    37 | D        | Found a hazy altar of Hepliaklqana.
    37 | D        | Found an opulent altar of Gozag.
    38 | D        | Found a basalt altar of Yredelemnul.
    38 | D        | Found a shimmering altar of Xom.
    38 | D        | Found an ornate altar of the Wu Jian Council.
    38 | D        | Found a sacrificial altar of Ru.
    38 | D        | Found a stormy altar of Qazlal.
    38 | D        | Found an iron altar of Okawaru.
    38 | D        | Found a sparkling altar of Nemelex Xobeh.
    38 | D        | Found a burning altar of Makhleb.
    38 | D        | Found a blossoming altar of Fedhas.
    38 | D        | Found a shadowy altar of Dithmenos.
    38 | D        | Found a snail-covered altar of Cheibriados.
    40 | D        | Found a radiant altar of Vehumet.
    40 | D        | Found a corrupted altar of Lugonu.
    41 | D        | Found a hide-covered altar of Uskayaw.
    41 | D        | Found an ancient bone altar of Kikubaaqudgha.
    41 | D        | Found a broken altar of Ashenzari.
    46 | D        | Became a worshipper of Warmaster Okawaru
    93 | D        | Reached skill level 3 in Polearms
    93 | D        | Reached skill level 1 in Armour
    95 | D        | Gained mutation: You are partially covered in molten
                  | scales. (AC +2) [demonic ancestry]
    95 | D        | Reached XP level 2. HP: 23/23 MP: 2/2
   199 | D        | Noticed a floating eye
   201 | D        | Paralysed by a floating eye for 3 turns
   204 | D        | Killed a floating eye
   204 | D        | Reached * piety under Okawaru
   205 | D        | Reached skill level 4 in Polearms
   205 | D        | Gained mutation: You have a small tail. [demonic ancestry]
   205 | D        | Reached XP level 3. HP: 31/31 MP: 3/3
   205 | D        | Gained mutation: You are partially covered in sharp spines.
                  | [demonic ancestry]
   205 | D        | Reached XP level 4. HP: 38/38 MP: 4/4
   222 | D        | Noticed a warg
   229 | D        | Killed a warg
   229 | D        | Reached ** piety under Okawaru
   230 | D        | Reached skill level 5 in Fighting
   230 | D        | Reached skill level 5 in Polearms
   230 | D        | Reached skill level 5 in Throwing
   230 | D        | Reached skill level 5 in Dodging
   230 | D        | Gained mutation: You are mostly covered in molten scales.
                  | (AC +3) [demonic ancestry]
   230 | D        | Reached XP level 5. HP: 46/46 MP: 5/5
   412 | D        | Reached skill level 5 in Armour
   412 | D        | Gained mutation: You regenerate a little health from kills.
                  | [demonic ancestry]
   412 | D        | Reached XP level 6. HP: 48/52 MP: 6/6
   423 | D        | Reached skill level 6 in Polearms
   571 | D        | Noticed a water moccasin
   578 | D        | Killed a water moccasin
   653 | D        | Reached *** piety under Okawaru
   654 | D        | Reached XP level 7. HP: 52/60 MP: 7/9
   796 | D        | Noticed an orange demon
   804 | D        | Reached skill level 7 in Polearms
   815 | D        | Killed an orange demon
   816 | D        | Reached skill level 5 in Invocations
  1071 | D        | Noticed a deep troll
  1072 | D        | Noticed a deep troll
  1086 | D        | Gained mutation: You have a tail ending in a sharp stinger.
                  | [demonic ancestry]
  1086 | D        | Reached XP level 8. HP: 68/68 MP: 11/11
  1098 | D        | Killed a deep troll
  1098 | D        | Reached **** piety under Okawaru
  1099 | D        | Reached skill level 8 in Polearms
  1108 | D        | Killed a deep troll
  1109 | D        | Gained mutation: You have a sharp stinger which inflicts
                  | weakening toxins. [demonic ancestry]
  1109 | D        | Reached XP level 9. HP: 30/76 MP: 12/14
  1280 | D        | Reached skill level 1 in Spellcasting
  1389 | D        | Noticed an orc sorcerer
  1389 | D        | Noticed a cane toad
  1397 | D        | Killed a cane toad
  1397 | D        | Reached ***** piety under Okawaru
  1398 | D        | Reached skill level 9 in Polearms
  1400 | D        | Killed an orc sorcerer
  1419 | D        | Received a gift from Okawaru
  1420 | D        | Reached skill level 10 in Fighting
  1539 | D        | Noticed a naga mage
  1539 | D        | Noticed a kobold demonologist
  1539 | D        | Noticed a lindwurm
  1539 | D        | Noticed an ice devil
  1546 | D        | Noticed a sun demon
  1556 | D        | Killed a lindwurm
  1556 | D        | Received a gift from Okawaru
  1566 | D        | Reached XP level 10. HP: 84/86 MP: 8/16
  1580 | D        | Noticed a sixfirhy
  1591 | D        | Reached skill level 10 in Polearms
  1591 | D        | Reached skill level 10 in Dodging
  1597 | D        | Killed a naga mage
  1713 | D        | Reached skill level 5 in Spellcasting
  1744 | D        | Reached skill level 10 in Throwing
  1905 | D        | Noticed Edmund
  1918 | D        | Killed Edmund
  1954 | D        | Reached skill level 11 in Polearms
  1971 | D        | Reached skill level 12 in Polearms
  1978 | D        | Identified the +0 buckler of Insatiable Hunger {*Slow MP+9
                  | Int+3} (Okawaru gifted it to you in the Dungeon)
  1978 | D        | Received a gift from Okawaru
  2121 | D        | Noticed Maurice
  2131 | D        | Reached skill level 13 in Polearms
  2140 | D        | Noticed a molten gargoyle
  2162 | D        | Killed Maurice
  2163 | D        | Reached skill level 14 in Polearms
  2163 | D        | Gained mutation: You are mostly covered in sharp spines.
                  | [demonic ancestry]
  2163 | D        | Reached XP level 11. HP: 93/93 MP: 18/18
  2232 | D        | Reached skill level 15 in Polearms
  2328 | D        | Got Isailuf's Parchment of Petrified Blows and Bruises
  2579 | D        | Reached skill level 16 in Polearms
  2596 | D        | Reached skill level 17 in Polearms
  2643 | D        | Noticed a wolf spider
  2647 | D        | Killed a wolf spider
  2770 | D        | Noticed a rakshasa
  2780 | D        | Killed a rakshasa
  2780 | D        | Received a gift from Okawaru
  2785 | D        | Identified the +1 pair of boots "Yqokaj" {rCorr Dex+5}
                  | (Okawaru gifted it to you in the Dungeon)
  2785 | D        | Received a gift from Okawaru
  2786 | D        | Reached skill level 18 in Polearms
  2993 | D        | Noticed a hell beast
  2993 | D        | Noticed a spriggan air mage
  2993 | D        | Noticed a purple draconian
  2993 | D        | Noticed a vampire knight
  3018 | D        | HP: 1/93 [vampire knight/+3 halberd (4)]
  3018 | D        | Slain by a spriggan air mage

Illustrated notes

Levels and vault maps discovered:
D:        pitsprint [storerooms_1, entrance_room_1, metal_vault_2, armoury_3,
          mini_pit_1, grid_room_1, main_hall_1, silver_pit, the_coven_1,
          the_vestibule_1, steel_vault_2, golden_pit, hallway_of_sentries,
          crystal_vault_2, iron_vault_5, final_vault]

Skill      XL: |  1  2  3  4  5  6  7  8  9 10 11 |
---------------+----------------------------------+-----
Polearms       | 3 4 5 6 7 8 9 14 18 | 18.3
Throwing       | 2 4 5 6 7 8 9 10 | 10.0
Armour         | 1 3 4 5 6 8 9 |  9.8
Dodging        | 3 4 5 6 7 8 9 10 | 10.3
Fighting       | 4 5 7 8 9 10 11 | 11.0
Invocations    | 2 5 7 |  7.7
Spellcasting   | 4 5 |  5.3

Action                   |  1- 3 |  4- 6 |  7- 9 | 10-12 || total
-------------------------+-------+-------+-------+-------++-------
Melee: Trident           |    21 |    69 |    31 |       ||   121
       Tailslap          |       |     2 |    11 |    51 ||    64
       Punch             |       |     2 |       |       ||     2
       Halberd           |       |       |    71 |   170 ||   241
       Glaive            |       |       |     7 |   101 ||   108
Throw: Throwing net      |       |     2 |       |       ||     2
Invok: Heroism           |       |       |     3 |     3 ||     6
       Finesse           |       |       |     1 |     3 ||     4
  Use: Potion            |       |       |     4 |     9 ||    13
       Scroll            |       |       |     1 |       ||     1
 Stab: Held in net/web   |       |     1 |       |       ||     1
       Sleeping          |       |       |     1 |       ||     1
Armor: Leather armour    |     6 |     3 |       |       ||     9
       Ring mail         |       |    11 |    34 |   100 ||   145
Dodge: Dodged            |    16 |    36 |    87 |   234 ||   373

Table legend: (Time is in decaauts)
 A = Elapsed time spent in this place.
 B = Non-inter-level travel time spent in this place.
 C = Inter-level travel time spent in this place.
 D = Time resting spent in this place.
 E = Time spent auto-exploring this place.
 F = Levels seen in this place.
 G = Mean time per level.
                   A        B        C        D        E       F      G
               +--------+--------+--------+--------+--------+-----+--------+
         Total |   2945 |   2866 |     79 |   1670 |      0 |   1 | 2945.0 |
       Dungeon |   2945 |   2866 |     79 |   1670 |      0 |   1 | 2945.0 |
               +--------+--------+--------+--------+--------+-----+--------+

Top non-repeatable levels by time:
       D: 2945 daAuts
